 Dungeon Crawl Stone Soup version 0.32-a0-705-g60f233581c (webtiles) character file.

Game seed: 9798585947100203609

33 cforsyth the Firebug (level 3, -1/31 HPs)
             Began as a Mountain Dwarf Cinder Acolyte on Mar 14, 2024.
             Was a High Priest of Ignis.
             Slain by a jackal (2 damage)
             ... on level 1 of the Dungeon.
             The game lasted 00:04:06 (1229 turns).

cforsyth the Firebug (MDCA)                         Turns: 1229, Time: 00:04:06

Health: -1/31      AC:  2    Str: 16    XL:     3   Next: 12%
Magic:  3/5        EV: 10    Int: 16    God:    Ignis [*****.]
Gold:   26         SH:  0    Dex:  5    Spells: 2/4 levels left

rFire   + . .        a - -1 hand axe (flame)
rCold   . . .        (no shield)
rNeg    . . .        b - +0 robe
rPois   .            (no helmet)
rElec   .            (no cloak)
rCorr   .            (no gloves)
SInv    .            (no boots)
Will    .....        (no amulet)
Stlth   +            (no ring)
HPRegen 0.25/turn    (no ring)
MPRegen 0.09/turn

%: no passive effects
@: no status effects
A: runic magic, artefact enchanting
a: Renounce Religion, Fiery Armour, Foxfire Swarm, Rising Flame


You were on level 1 of the Dungeon.
You worshipped Ignis.
Ignis was extremely pleased with you.
You visited 1 branch of the dungeon, and saw 2 of its levels.

You collected 26 gold pieces.


Innate Abilities, Weirdness & Mutations

Your spellcasting is much less encumbered by armour.
You can use scrolls of enchantment on lesser artefacts.


   Skills:
 + Level 3.6 Fighting
 + Level 4.0 Axes
 + Level 1.1 Armour
 + Level 1.3 Spellcasting
 + Level 4.0 Fire Magic


You had 2 spell levels left.
You knew the following spells:

 Your Spells              Type           Power      Damage    Failure   Level
X - Scorch                Fire           26%        2d6       6%          2

Your spell library contained the following spells:

 Spells                   Type           Power      Damage    Failure   Level


Inventory:

Hand Weapons
 a - a -1 hand axe of flaming (weapon)
Armour
 b - a +0 robe (worn)
Scrolls
 c - a scroll of revelation {unknown}
 e - a scroll of teleportation {unknown}
 f - a scroll of brand weapon {unknown}
 h - a scroll of silence {unknown}
 i - a scroll of fear {unknown}
 j - a scroll of noise {unknown}
 m - a scroll of enchant weapon {unknown}
Potions
 d - a potion of might {unknown}
 g - 2 potions of lignification {unknown}
 k - a potion of berserk rage {unknown}
 l - 2 potions of heal wounds {unknown}

Dungeon Overview and Level Annotations

Branches:
Dungeon (2/15)

Altars:

#.# ##'## #......# #.#
##########.# ######.# #.#
#..........# #.# #.#
#.#######..## #.# #.#
#.#######...## #.#
#.###......#.....# #.#
#..........##...## #.#
#####.###..##hS#.##########.#
#.........@.............#
#.####.###.#.############ #.#
#.# #.### #.####.# #.#
#......# #.# ######## #.# #.#
######## #.#
#......####.############


You could see an adder and a jackal.


Message History

There is an open door here.
The jackal bites you.
* * * LOW HITPOINT WARNING * * *
The jackal closely misses you. The jackal attacks as it pursues you!
The jackal closely misses you. The jackal bites you.
* * * LOW HITPOINT WARNING * * *
The adder attacks as it pursues you! The adder closely misses you.
The jackal stops to sniff the ground.
The jackal attacks as it pursues you! The jackal bites you.
* * * LOW HITPOINT WARNING * * *
The jackal bites you.
* * * LOW HITPOINT WARNING * * *
The jackal attacks as it pursues you! The jackal barely misses you.
The adder bites you.
* * * LOW HITPOINT WARNING * * *
There is an open door here.
The jackal attacks as it pursues you! The jackal bites you.
* * * LOW HITPOINT WARNING * * *
The jackal closely misses you. The jackal bites you.
* * * LOW HITPOINT WARNING * * *
The jackal attacks as it pursues you! The jackal bites you.
* * * LOW HITPOINT WARNING * * *
The jackal attacks as it pursues you! The jackal bites you.
* * * LOW HITPOINT WARNING * * *
The jackal closely misses you. The jackal attacks as it pursues you!
The jackal bites you.
You die...
Ignis goes out, and joins you in death.

Skill      XL: |  1  2 |
---------------+-------+-----
Armour         | 1 |  1.1
Fire Magic     | 4 |  4.0
Axes           | 4 |  4.0
Fighting       | |  3.6
Spellcasting   | |  1.3

Action                     || total
---------------------------++-------
  Melee: Hand axe          ||    77
   Cast: Scorch            ||     5
 Armour: Robe              ||    72
  Dodge: Dodged            ||    64

Levels and vault maps discovered:
D:1:      dpeg_arrival_lava_altar, layout_loops_corners, hangedman_decor_push
D:2:      layout_rooms, serial_rivers, chequers_serial_rivers_small_a,
          chequers_serial_rivers_micro_c, chequers_serial_rivers_small_a,
          chequers_serial_rivers_small_a, uniq_sigmund

Notes
Turn   | Place    | Note
-------+----------+-------------------------------------------
     0 | D:1      | cforsyth the Mountain Dwarf Cinder Acolyte began the quest
                  | for the Orb.
     0 | D:1      | Reached XP level 1. HP: 19/19 MP: 2/2
   265 | D:1      | Reached XP level 2. HP: 18/26 MP: 3/3
   729 | D:1      | Reached skill level 1 in Armour
   957 | D:1      | Reached skill level 4 in Fire Magic
  1031 | D:1      | Learned a level 2 spell: Scorch
  1072 | D:2      | Reached skill level 4 in Axes
  1076 | D:1      | Reached XP level 3. HP: 31/31 MP: 1/5
  1226 | D:1      | HP: 3/31 [jackal (2)]
  1228 | D:1      | HP: 1/31 [jackal (2)]
  1229 | D:1      | Slain by a jackal

Vanquished Creatures
  A dart slug (D:1)
  2 endoplasms (D:1)
  3 giant cockroaches (D:1)
  2 goblins (D:1)
  3 hobgoblins (D:1)
  3 jackals
  2 quokkas (D:1)
  2 ball pythons (D:1)
  4 bats
  2 frilled lizards
  2 kobolds (D:1)
  3 rats
29 creatures vanquished.

Table legend: (Time is in decaauts)
 A = Elapsed time spent in this place.
 B = Non-inter-level travel time spent in this place.
 C = Inter-level travel time spent in this place.
 D = Time resting spent in this place.
 E = Time spent auto-exploring this place.
 F = Levels seen in this place.
 G = Mean time per level.
                   A        B        C        D        E       F      G
               +--------+--------+--------+--------+--------+-----+--------+
         Total |   1239 |   1178 |     61 |    135 |    749 |   2 |  619.5 |
       Dungeon |   1239 |   1178 |     61 |    135 |    749 |   2 |  619.5 |
               +--------+--------+--------+--------+--------+-----+--------+

Top non-repeatable levels by time:
     D:1: 1215 daAuts
     D:2: 24 daAuts

Table legend:
 A = Non-vault XP
 B = Vault XP
 C = Vault XP percentage of total XP
 D = Non-vault monster count
 E = Vault monster count
 F = Vault count percentage of total count
                 A         B        C        D         E       F
            +---------+---------+-------+---------+---------+-------
      Total |      48 |       0 |   0.0 |      29 |       0 |   0.0
            +---------+---------+-------+---------+---------+-------
        D:1 |      43 |       0 |   0.0 |      25 |       0 |   0.0
        D:2 |       5 |       0 |   0.0 |       4 |       0 |   0.0
            +---------+---------+-------+---------+---------+-------
